 Dungeon Crawl Stone Soup version 0.22.0-2-ge58baed0e8 (webtiles) character file.

2386 Tarcrawler the Slinger (level 9, -4/44 HPs)
             Began as a Spriggan Arcane Marksman on Aug 13, 2018.
             Was a Follower of Sif Muna.
             Slain by Menkaure (17 damage)
             ... on level 7 of the Dungeon.
             The game lasted 01:49:47 (18413 turns).

Tarcrawler the Slinger (Spriggan Arcane Marksman)  Turns: 18413, Time: 01:49:49

Health: -4/44      AC:  9    Str:  6    XL:     9   Next: 22%
Magic:  19/19      EV: 20    Int: 14    God:    Sif Muna [*.....]
Gold:   350        SH:  0    Dex: 20    Spells: 4/20 levels left

rFire    . . .     SeeInvis +   E - +1 hand axe (flame)
rCold    . . .     Gourm    .   (shield restricted)
rNeg     . . .     Faith    .   e - +0 robe
rPois    .         Spirit   .   (helmet restricted)
rElec    .         Reflect  .   I - +0 cloak
rCorr    .         Harm     .   (gloves unavailable)
MR       ++...                  (boots unavailable)
Stlth    ++........             (no amulet)
HPRegen  0.14/turn              B - ring of protection from magic
MPRegen  0.16/turn              D - +6 ring of protection

@: very quick
A: very small, unfitting armour, see invisible, herbivore, speed 3, slow
metabolism 2
a: Divine Energy, Renounce Religion


You were on level 7 of the Dungeon.
You worshipped Sif Muna.
Sif Muna was aware of your devotion.
You were not hungry.

You visited 1 branch of the dungeon, and saw 7 of its levels.

You collected 350 gold pieces.

Inventory:

Hand Weapons
 a - a +0 hunting sling
 b - a +0 dagger of venom
 d - a +0 spear
 k - a +0 falchion
 m - a +2 dagger of venom
 C - a +1 long sword of protection
 E - a +1 hand axe of flaming (weapon)
 F - a +3 quarterstaff of chaos
 L - a cursed -2 flail
 O - a +0 whip
 R - a +0 hunting sling
Missiles
 c - 66 arrows
 j - 70 bolts
 n - 5 curare-tipped needles
 p - 8 javelins
 q - 9 tomahawks (quivered)
 r - 16 stones
 s - 4 needles of sleeping
 M - 3 sling bullets
 S - 13 poisoned needles
Armour
 e - a +0 robe (worn)
 l - a +0 naga barding
 w - a +0 robe
 H - a +0 robe
 I - a +0 cloak (worn)
 P - a +0 robe
Jewellery
 B - a ring of protection from magic (left hand)
 D - a +6 ring of protection (right hand)
Wands
 h - a wand of paralysis (3)
Scrolls
 o - a scroll of fear
 u - a scroll of immolation
 v - a scroll of enchant armour {unknown}
 y - a scroll of teleportation
 z - 2 scrolls of remove curse
Potions
 g - 2 potions of mutation {unknown}
 i - a potion of heal wounds {unknown}
 t - 2 potions of magic {unknown}
 x - a potion of curing
 A - a potion of invisibility
 G - a potion of haste {unknown}
 J - 4 potions of brilliance
 K - 2 potions of cancellation {unknown}
 Q - a potion of degeneration {unknown}
Comestibles
 f - 2 rations


   Skills:
 + Level 3.2 Fighting
 + Level 10.7 Slings
 + Level 1.3(5.8) Throwing
 + Level 4.5 Dodging
 + Level 2.4 Stealth
 + Level 6.1 Spellcasting
 + Level 0.2 Conjurations
 + Level 6.3 Hexes
 + Level 0.9 Air Magic


You had 4 spell levels left.
You knew the following spells:

 Your Spells              Type           Power        Failure   Level  Hunger
a - Corona                Hex            ###....      1%          1    None
b - Slow                  Hex            ###.....     1%          2    #......
c - Portal Projectile     Hex/Tloc       ##....       13%         3    ###....
d - Inner Flame           Hex/Fire       ##......     13%         3    ###....
e - Cause Fear            Hex            ###.......   11%         4    ####...
f - Static Discharge      Conj/Air       #.......     36%         3    ###....

Your spell library contained the following spells:

 Spells                   Type           Power        Failure   Level  Hunger
 Bolt of Cold             Conj/Ice       #.........   100%        6    #######
 Summon Ice Beast         Ice/Summ       #.......     83%         4    ####...
 Ozocubu's Armour         Chrm/Ice       #.......     43%         3    ###....
 Throw Icicle             Conj/Ice       #.......     83%         4    ####...
 Leda's Liquefaction      Hex/Erth       ##........   38%         4    ####...


Dungeon Overview and Level Annotations

Branches:
Dungeon (7/15)             Temple (0/1) D:7

Altars:
Cheibriados
Dithmenos
Elyvilon
Okawaru
Qazlal
Sif Muna
Uskayaw
Wu Jian
Yredelemnul

Annotations:
D:7 Menkaure


Innate Abilities, Weirdness & Mutations

You are very small and have problems with some larger weapons.
You are too small for most types of armour.
You have supernaturally acute eyesight. (SInv)
You are a herbivore.
You cover ground extremely quickly.
You need to consume almost no food.


Message History

You hit Menkaure. You burn Menkaure.
Menkaure is heavily damaged.
Menkaure misses you.
Throwing (i - inventory. (/) - cycle)
q - 11 tomahawks (quivered)
Press: ? - help, Shift-Dir - straight line, f/p - Menkaure
Aim: Menkaure (heavily damaged, fast)
You throw a tomahawk. The tomahawk hits Menkaure.
Menkaure is severely damaged.
Menkaure points at you and mumbles some strange words.
You resist with almost no effort.
Throwing (i - inventory. (/) - cycle)
q - 10 tomahawks (quivered)
Press: ? - help, Shift-Dir - straight line, f/p - Menkaure
Aim: Menkaure (severely damaged, fast)
You throw a tomahawk. The tomahawk hits Menkaure!
Menkaure is almost destroyed.
Menkaure calls on the powers of darkness!
Your body is wracked with pain!
* * * LOW HITPOINT WARNING * * *
The worker ant convulses!
Menkaure hits you!
You die...

.......## #.##.
........# #.##.
........# #..#
##.#.. ........#
#..## #..#..
........# #...#
#.##.. ........#
#...## ##.#...
........## #...<#
#..#...
....((..Z####....#
#.##...
.......(aM@##....#
##.#....
.......###.......#
#..#.... .......
####....###.##....
.......
###....#.##....
...(...
###....#..... .
.......
####.#..... #.
.!...## #.#))...
.# #..#.... ##.
##.###..


You could see Menkaure, a worker ant and a centaur zombie.

Vanquished Creatures
  Duvessa (D:5)
  3 black bears
  2 ice beasts (D:7)
  A sky beast (D:7)
  2 ogres
  A bullfrog (D:7)
  Dowan (D:5)
  3 scorpions
  2 howler monkeys
  A crimson imp (D:6)
  A centaur zombie (D:5)
  4 orc priests
  5 hounds
  2 bullfrog skeletons
  Crazy Yiuf (D:6)
  2 gnoll shamans
  3 iguanas
  Ijyb (D:5)
  6 orc wizards
  4 worker ants
  A killer bee zombie (D:7)
  17 gnolls
  6 adders
  A shadow imp (D:7)
  3 worms
  6 dart slugs
  7 leopard geckos
  20 orcs
  6 giant cockroaches
  12 hobgoblins
  13 jackals
  3 quokkas
  2 ball pythons (D:2)
  2 bats
  3 frilled lizards (D:1)
  5 goblins (D:1)
  5 kobolds
  A quokka zombie (D:5)
  5 rats
164 creatures vanquished.

Notes
Turn   | Place    | Note
-------+----------+-------------------------------------------
     0 | D:1      | Tarcrawler the Spriggan Arcane Marksman began the quest for the Orb.
     0 | D:1      | Reached XP level 1. HP: 9/9 MP: 3/3
   325 | D:1      | Reached XP level 2. HP: 14/14 MP: 0/5
   377 | D:1      | Learned a level 2 spell: Slow
   528 | D:1      | Reached skill level 3 in Slings
   723 | D:1      | Reached XP level 3. HP: 17/17 MP: 6/6
  1879 | D:2      | Reached skill level 4 in Slings
  2327 | D:2      | Reached XP level 4. HP: 21/21 MP: 4/7
  2364 | D:2      | Found an iron altar of Okawaru.
  2364 | D:2      | Found an ornate altar of the Wu Jian Council.
  2575 | D:3      | Noticed a black bear
  2681 | D:2      | Killed a black bear
  2681 | D:2      | Reached skill level 1 in Fighting
  2681 | D:2      | Reached skill level 5 in Slings
  2681 | D:2      | Reached skill level 1 in Stealth
  2681 | D:2      | Reached XP level 5. HP: 13/25 MP: 7/9
  2855 | D:2      | Learned a level 3 spell: Portal Projectile
  4742 | D:4      | Reached skill level 5 in Hexes
  4839 | D:3      | Reached XP level 6. HP: 21/30 MP: 10/10
  5001 | D:3      | Learned a level 3 spell: Inner Flame
  5439 | D:3      | Reached skill level 6 in Slings
  7193 | D:4      | Found a deep blue altar of Sif Muna.
  7202 | D:4      | Became a worshipper of Sif Muna the Loreminder
  7695 | D:5      | Entered Level 5 of the Dungeon
  7710 | D:5      | Noticed Duvessa
  7710 | D:5      | Noticed Dowan
  8085 | D:4      | HP: 1/30 [orc wizard/magic dart (7)]
  8087 | D:4      | Reached XP level 7. HP: 1/34 MP: 13/13
  9038 | D:4      | Reached skill level 7 in Slings
  9303 | D:4      | Learned a level 4 spell: Cause Fear
  9942 | D:5      | Found a white marble altar of Elyvilon.
  9946 | D:5      | Found a hide-covered altar of Uskayaw.
  9950 | D:5      | Found a basalt altar of Yredelemnul.
  9950 | D:5      | Found a shadowy altar of Dithmenos.
 10958 | D:5      | Found a snail-covered altar of Cheibriados.
 11087 | D:5      | Noticed Ijyb
 11105 | D:5      | HP: 1/35 [orc priest/divine providence (12)]
 11929 | D:5      | Reached skill level 8 in Slings
 13066 | D:5      | Killed Ijyb
 13563 | D:5      | Killed Duvessa
 13563 | D:5      | Reached XP level 8. HP: 20/39 MP: 16/16
 13938 | D:5      | Identified the Collected Works on the Cloudy Snowflakes
 13945 | D:5      | Learned a level 3 spell: Static Discharge
 14226 | D:5      | Killed Dowan
 14670 | D:6      | Reached skill level 9 in Slings
 14688 | D:6      | Reached skill level 5 in Spellcasting
 15002 | D:6      | Found an iron altar of Okawaru.
 15487 | D:6      | Noticed an air elemental
 16224 | D:6      | Found a stormy altar of Qazlal.
 16780 | D:6      | Found a runed door.
 17010 | D:6      | Noticed Crazy Yiuf
 17050 | D:6      | Killed Crazy Yiuf
 17050 | D:6      | Reached skill level 10 in Slings
 17281 | D:7      | Found a hide-covered altar of Uskayaw.
 17694 | D:7      | Reached XP level 9. HP: 43/43 MP: 18/18
 17899 | D:7      | Reached skill level 1 in Throwing
 18058 | D:7      | Reached * piety under Sif Muna
 18096 | D:7      | Found a staircase to the Ecumenical Temple.
 18394 | D:7      | Noticed Menkaure
 18413 | D:7      | Slain by Menkaure

Skill      XL: |  1  2  3  4  5  6  7  8  9 |
---------------+----------------------------+-----
Hexes          | 4 5 6 |  6.3
Slings         | 3 4 5 6 8 10 | 10.7
Fighting       | 1 2 3 |  3.2
Stealth        | 1 2 |  2.4
Spellcasting   | 2 3 4 5 6 |  6.1
Dodging        | 4 |  4.5
Throwing       | 1 |  1.3
Conjurations   | |  0.2
Air Magic      | |  0.9

Action                   |  1- 3 |  4- 6 |  7- 9 || total
-------------------------+-------+-------+-------++-------
Melee: Dagger            |       |       |    10 ||    10
       Hand axe          |       |       |    26 ||    26
 Fire: Hunting sling     |   127 |   408 |   789 ||  1324
Throw: Tomahawk          |       |       |    59 ||    59
       Throwing net      |       |       |     3 ||     3
 Cast: Corona            |    30 |    66 |    64 ||   160
       Slow              |     5 |    16 |    48 ||    69
       Portal Projectile |       |     3 |     1 ||     4
       Inner Flame       |       |     1 |       ||     1
       Cause Fear        |       |       |     1 ||     1
       Static Discharge  |       |       |    13 ||    13
  Use: Scroll            |       |     4 |     9 ||    13
       Potion            |       |       |     4 ||     4
 Stab: Distracted        |       |       |     1 ||     1
  Eat: Ration            |       |     4 |     6 ||    10
Armor: Robe              |     3 |     7 |    43 ||    53
Dodge: Dodged            |    36 |   159 |   361 ||   556
